 Dungeon Crawl Stone Soup version 0.27-a0-262-gc50aac273e (webtiles) character file.

Game seed: 1628651211014558204

10023 Borgoz the Carver (level 11, -13/95 HPs)
             Began as a Ghoul Gladiator on Feb 5, 2021.
             Was a Believer of Okawaru.
             Mangled by a shadow (29 damage)
             ... on level 13 of the Dungeon.
             The game lasted 00:15:31 (11862 turns).

Borgoz the Carver (Ghoul Gladiator)                Turns: 11862, Time: 00:15:32

Health: -13/95     AC: 13    Str: 25    XL:     11   Next: 55%
Magic:  10/10      EV: 16    Int:  3    God:    Okawaru [**....]
Gold:   657        SH:  0    Dex: 13    Spells: 10/10 levels left

rFire    . . .     SeeInvis .   b - +5 dagger (elec)
rCold    + . .     Faith    .   (no shield)
rNeg     + + +     Spirit   .   o - +0 acid dragon scales
rPois    ∞         Reflect  .   w - +2 hat
rElec    .         Harm     .   r - +2 cloak
rCorr    +         Rampage  .   (no gloves)
Will     +....                  (no boots)
Stlth    +.........             (no amulet)
HPRegen  0.00/turn              n - ring of willpower
MPRegen  0.12/turn              l - +6 ring of strength

@: no status effects
A: claws 1, cold resistance 1, negative energy resistance 3, inhibited
regeneration, torment resistance, unbreathing
a: Renounce Religion, Heroism


You were on level 13 of the Dungeon.
You worshipped Okawaru.
Okawaru was pleased with you.
You visited 2 branches of the dungeon, and saw 12 of its levels.

You collected 657 gold pieces.

Inventory:

Hand Weapons
 a - a +3 great sword
 b - a +5 dagger of electrocution (weapon)
Missiles
 d - 5 throwing nets (quivered)
Armour
 o - +0 acid dragon scales (worn)
 r - a +2 cloak (worn)
 s - a +0 ring mail of cold resistance
 w - a +2 hat (worn)
Jewellery
 h - an uncursed ring of flight
 l - a +6 ring of strength (right claw)
 m - an uncursed ring of stealth
 n - a ring of willpower (left claw)
Wands
 u - a wand of acid (1)
Scrolls
 e - 5 scrolls of fear
 f - a scroll of enchant weapon
 g - 4 scrolls of teleportation
 i - a scroll of enchant armour
 k - 5 scrolls of identify
 p - 4 scrolls of remove curse
 v - a scroll of blinking
Potions
 c - a potion of magic
 j - a potion of curing
 t - a potion of heal wounds


   Skills:
 + Level 8.4 Fighting
 * Level 10.0 Long Blades
 - Level 1.7 Throwing
 * Level 8.1 Armour
 * Level 8.6 Dodging


You had 10 spell levels left.
You didn't know any spells.
Your spell library contained the following spells:

 Spells                   Type           Power        Failure   Level
 Corona                   Hex            0%           58%         1
 Magic Dart               Conj           0%           58%         1
 Blink                    Tloc           N/A          73%         2
 Call Imp                 Summ           0%           73%         2
 Slow                     Hex            0%           73%         2
 Conjure Flame            Conj/Fire      0%           91%         3
 Inner Flame              Hex/Fire       0%           91%         3
 Mephitic Cloud           Conj/Pois/Air  0%           91%         3
 Portal Projectile        Hex/Tloc       0%           91%         3
 Cause Fear               Hex            0%           100%        4
 Leda's Liquefaction      Hex/Erth       0%           100%        4


Dungeon Overview and Level Annotations

Branches:
Dungeon (10/15)            Temple (1/1) D:5            Lair (0/6) D:9
    Orc: D:9-12

Altars:
Ashenzari
Cheibriados
Dithmenos
Elyvilon
Fedhas
Gozag
Hepliaklqana
Kikubaaqudgha
Makhleb
Nemelex Xobeh
Okawaru
Qazlal
Ru
Sif Muna
Trog
Uskayaw
Vehumet
Wu Jian
Xom
Yredelemnul
Zin
The Shining One

Shops:
D:10 *

Annotations:
D:10 1 runed translucent door


Innate Abilities, Weirdness & Mutations

You thrive by killing the living.
You are immune to poison.
You have sharp fingernails.
Your flesh is cold resistant. (rC+)
You are immune to negative energy. (rN+++)
You do not regenerate when monsters are visible.
You are immune to unholy pain and torment.
You can survive without breathing.


Message History

You start resting.
A shadow is nearby!
You hit the shadow but do no damage. The shadow barely misses you.
You barely miss the shadow. The shadow misses you.
You closely miss the shadow. The shadow hits you!
* * * LOW HITPOINT WARNING * * *
You hit the shadow but do no damage. You hit the shadow.
Lightning courses through the shadow!
The shadow is severely damaged.
The shadow hits you.
* * * LOW HITPOINT WARNING * * *
You hit the shadow.
The shadow is almost destroyed.
The shadow slips into darkness.
The shadow flickers and vanishes!
Deactivating autopickup; reactivate with Ctrl-A.
You barely miss something. You hit something but do no damage.
The shadow strikes at you from the darkness!
You die...

#..#.....#......[....... #
###.....................<.
.##.#(..........>...........
..#)()......................#
....##............##....#...###
....##..................$......
.......................##..?...
........#..............#.......
........#.......@##†.###.......
.......?.......{####.W.........
................ #..).).......
......##.................).....
......# .............#....>...
......................
#############.....##.. #.....#
. ........


There were no monsters in sight!

Vanquished Creatures
  Harold (D:8)
  A two-headed ogre (D:10)
  A centaur skeleton (D:10)
  Maggie (D:7)
  Grinder (D:4)
  8 spriggans (D:8)
  A vampire mosquito (D:13)
  A water moccasin (D:8)
  7 orc warriors
  A black bear (D:6)
  3 ice beasts
  A sky beast (D:4)
  A necrophage (D:6)
  6 ogres
  A centaur (D:7)
  A phantom (D:5)
  5 big kobolds
  7 bullfrogs
  A gnoll sergeant (D:9)
  2 wyvern skeletons
  4 scorpions
  5 killer bees
  13 wights
  6 howler monkeys
  A bullfrog zombie (D:6)
  A quasit (D:6)
  2 centaur zombies
  2 jellies (D:10)
  Crazy Yiuf (D:7)
  5 hounds
  8 orc priests
  2 bullfrog skeletons
  A gnoll shaman (D:5)
  5 iguanas
  Ijyb (D:2)
  Terence (D:2)
  5 worker ants
  13 orc wizards
  A bullfrog simulacrum (D:13)
  A hound skeleton (D:6)
  11 adders
  12 gnolls
  4 shadow imps
  2 white imps
  2 ufetubi
  An ooze (D:3)
  3 adder skeletons
  A dart slug (D:2)
  3 leopard geckos
  33 orcs
  7 giant cockroaches
  13 goblins
  10 hobgoblins
  6 jackals
  31 kobolds
  8 quokkas
  3 bats
  7 frilled lizards
  A jackal skeleton (D:8)
  A jackal zombie (D:8)
  A quokka skeleton (D:5)
  3 quokka zombies
  8 rats
300 creatures vanquished.

Vanquished Creatures (others)
  A hydra (D:13)
1 creature vanquished.

Grand Total: 301 creatures vanquished

Notes
Turn   | Place    | Note
-------+----------+-------------------------------------------
     0 | D:1      | Borgoz the Ghoul Gladiator began the quest for the Orb.
     0 | D:1      | Reached XP level 1. HP: 17/17 MP: 0/0
   474 | D:1      | Reached XP level 2. HP: 23/25 MP: 1/1
   841 | D:1      | Reached skill level 3 in Long Blades
  1263 | D:2      | Noticed Ijyb
  1423 | D:2      | Reached XP level 3. HP: 30/30 MP: 2/2
  1433 | D:2      | HP: 1/30 [Ijyb/puff of flame (10)]
  1437 | D:2      | Killed Ijyb
  1438 | D:2      | Reached skill level 1 in Armour
  1836 | D:2      | Noticed Terence
  1845 | D:2      | Reached XP level 4. HP: 21/37 MP: 3/3
  1854 | D:2      | Killed Terence
  2415 | D:2      | Reached XP level 5. HP: 45/45 MP: 4/4
  2899 | D:3      | Reached skill level 4 in Long Blades
  3551 | D:4      | Reached XP level 6. HP: 44/51 MP: 5/5
  4414 | D:4      | Found a burning altar of Makhleb.
  4423 | D:4      | Reached XP level 7. HP: 43/59 MP: 6/6
  4549 | D:4      | Reached skill level 5 in Long Blades
  5024 | D:4      | Noticed Grinder
  5024 | D:4      | Paralysed by Grinder for 2 turns
  5046 | D:4      | Paralysed by Grinder for 2 turns
  5049 | D:4      | Killed Grinder
  5050 | D:4      | Reached skill level 6 in Long Blades
  5050 | D:4      | Reached XP level 8. HP: 20/67 MP: 7/7
  5518 | D:5      | Entered Level 5 of the Dungeon
  5558 | D:5      | Reached skill level 5 in Fighting
  5805 | D:5      | Found a white marble altar of Elyvilon.
  6026 | D:5      | Found a staircase to the Ecumenical Temple.
  6035 | D:5      | Reached skill level 5 in Dodging
  6336 | D:5      | Found a glowing silver altar of Zin.
  6336 | D:5      | Found a shadowy altar of Dithmenos.
  6940 | D:6      | Reached skill level 7 in Long Blades
  6940 | D:6      | Reached XP level 9. HP: 73/75 MP: 8/8
  7250 | D:6      | Found a shimmering blue altar of Sif Muna.
  7771 | D:7      | Noticed Maggie
  7779 | D:7      | Reached skill level 5 in Armour
  7789 | D:7      | Killed Maggie
  8140 | D:7      | Found a runed translucent door.
  8141 | D:7      | Noticed Crazy Yiuf
  8197 | D:7      | Reached skill level 8 in Long Blades
  8294 | D:7      | Found a bloodstained altar of Trog.
  8301 | D:7      | Found an opulent altar of Gozag.
  8301 | D:7      | Found an iron altar of Okawaru.
  8306 | D:7      | Found a broken altar of Ashenzari.
  8435 | D:7      | Killed Crazy Yiuf
  8513 | D:8      | Reached XP level 10. HP: 41/84 MP: 9/9
  9085 | D:8      | Noticed Harold
  9108 | D:8      | Killed Harold
  9232 | D:8      | Reached skill level 9 in Long Blades
  9313 | D:8      | Found an ancient bone altar of Kikubaaqudgha.
  9709 | Temple   | Entered the Ecumenical Temple
  9921 | D:7      | Became a worshipper of Warmaster Okawaru
 10296 | D:9      | Found a staircase to the Lair.
 10461 | D:9      | Reached XP level 11. HP: 94/94 MP: 10/10
 10520 | D:9      | Reached * piety under Okawaru
 10903 | D:10     | Entered Level 10 of the Dungeon
 10969 | D:10     | Found Zauckios's Demolitions Depot.
 11140 | D:10     | Found a runed translucent door.
 11202 | D:10     | HP: 4/94 [something (4)]
 11541 | D:10     | Noticed a two-headed ogre
 11549 | D:10     | Killed a two-headed ogre
 11549 | D:10     | Reached ** piety under Okawaru
 11653 | D:10     | You fall into a shaft and drop 3 floors!
 11760 | D:13     | Got a bloodstained mace
 11798 | D:13     | Noticed a seven-headed hydra
 11825 | D:13     | Killed a seven-headed hydra
 11843 | D:13     | Reached skill level 10 in Long Blades
 11862 | D:13     | Mangled by a shadow

Illustrated notes

Levels and vault maps discovered:
D:1:      denvon_arrival_hothouse, layout_basic, serial_bayou_pond_c
D:2:      kennysheep_the_goblin_king, layout_basic, uniq_terence
D:3:      layout_loops_corners
D:4:      layout_cave_pools, minmay_misc_feat_secret_circle,
          makhleb_heckhound_becter, uniq_grinder
D:5:      layout_rooms, gammafunk_temple_overflow_pools,
          minmay_temple_entry_ruins, elyvilon_altar_5
D:6:      layout_loops_corners, led_sif_book
D:7:      layout_cave_pools, minitemple, uniq_crazy_yiuf_cottage, uniq_maggie
D:8:      kb_forest_paths, layout_cave_pools, lemuel_coloured_pillars_altar,
          uniq_harold
D:9:      layout_long_grid, lair_entry_dummy
D:10:     layout_cave_pods, basic_altar, nicolae_blasting_shop,
          lightli_church_of_beogh, uniq_fannar
D:13:     minmay_textured_paths, layout_cave_pools, minivault_28
Temple:   nicolae_temple_great_sept

Skill      XL: |  1  2  3  4  5  6  7  8  9 10 11 |
---------------+----------------------------------+-----
Long Blades    | 3 4 6 7 8 9 10 | 10.0
Armour         | 1 2 3 4 5 7 8 |  8.1
Dodging        | 3 4 5 6 7 8 |  8.6
Fighting       | 3 4 5 6 7 8 |  8.4
Throwing       | |  1.7

Action                   |  1- 3 |  4- 6 |  7- 9 | 10-12 || total
-------------------------+-------+-------+-------+-------++-------
Melee: Long sword        |    45 |       |       |       ||    45
       Dagger            |    43 |   208 |   391 |   537 ||  1179
Throw: Throwing net      |     2 |     2 |     1 |       ||     5
Evoke: Wand              |       |     1 |    10 |     6 ||    17
  Use: Potion            |     2 |     1 |     2 |     3 ||     8
       Scroll            |       |     8 |     9 |     2 ||    19
 Stab: Held in net/web   |     1 |       |     1 |       ||     2
Armor: Leather armour    |    18 |    36 |    12 |       ||    66
       Ring mail         |       |       |   105 |       ||   105
       Acid dragon scale |       |       |    22 |   144 ||   166
Dodge: Dodged            |    60 |   120 |   220 |   343 ||   743
       Rpst.: Long sword |    11 |       |       |       ||    11

Table legend: (Time is in decaauts)
 A = Elapsed time spent in this place.
 B = Non-inter-level travel time spent in this place.
 C = Inter-level travel time spent in this place.
 D = Time resting spent in this place.
 E = Time spent auto-exploring this place.
 F = Levels seen in this place.
 G = Mean time per level.
                   A        B        C        D        E       F      G
               +--------+--------+--------+--------+--------+-----+--------+
         Total |  11627 |  11098 |    529 |   3026 |   5973 |  12 |  968.9 |
       Dungeon |  11524 |  11000 |    524 |   3026 |   5900 |  11 | 1047.6 |
        Temple |    102 |     98 |      4 |      0 |     73 |   1 |  102.0 |
               +--------+--------+--------+--------+--------+-----+--------+

Top non-repeatable levels by time:
     D:3: 1504 daAuts
     D:1: 1419 daAuts
     D:4: 1419 daAuts
     D:6: 1312 daAuts
     D:8: 1225 daAuts
     D:2: 1155 daAuts
     D:5: 900 daAuts
     D:7: 893 daAuts
     D:9: 802 daAuts
    D:10: 719 daAuts
    D:13: 170 daAuts
  Temple: 102 daAuts
